 Dungeon Crawl Stone Soup version 0.32-a0-876-gcfddb08e57 (webtiles) character file.

Game seed: 554441768387869530

226752 shadizar the Cloud Mage (level 20, -4/127 HPs)
             Began as a Djinni Conjurer on Apr 1, 2024.
             Was the Champion of Makhleb.
             Shot with an arrow by a deep elf knight (17 damage)
             ... on level 2 of the Elven Halls.
             The game lasted 01:11:00 (34292 turns).

shadizar the Cloud Mage (Djinni Conjurer)          Turns: 34292, Time: 01:11:01

Health: -4/127     AC: 21    Str:  4    XL:     20   Next: 14%
Gold:   3499       EV:  6    Int: 41    God:    Makhleb [******] SH: 12 Dex: 14

rFire   + + .        c - staff of conjuration
rCold   . . .        K - +0 kite shield {reflect}
rNeg    + + +        S - +6 scale mail "Deatuath" {Regen+ Int+3 Dex-4 SInv}
rPois   ∞            i - +2 helmet {Int+3}
rElec   .            q - +0 cloak of Xemniw {rF+ Int+3}
rCorr   .            u - +2 pair of gloves of Folar {Dex+5}
SInv    +            (boots unavailable)
Will    +++..        d - amulet of Axoidy {Spirit rN+++}
Stlth   ++           z - ring of ice
HPRegen 0.00/turn    p - +6 ring of intelligence
MPRegen 0.00/turn

%: reflection, guardian spirit, infuse magic (-5 HP)
@: flying, inhibited regen, studying 2 skills
A: sickness immunity, fire resistance 2, cold vulnerability 1, float, innate
caster, HP casting, extra vitality 1, deformed body, dopey 1, frail 1,
strong-willed 1, inhibited regeneration, weak 1, subdued magic 1, devolution 1
}: 1/15 runes: gossamer
a: Renounce Religion, Minor Destruction, Lesser Servant of Makhleb, Major
Destruction, Greater Servant of Makhleb


You were on level 2 of the Elven Halls.
You worshipped Makhleb.
Makhleb was exalted by your worship.
You visited 8 branches of the dungeon, and saw 33 of its levels.
You also visited: Trove and Gauntlet.

You collected 3499 gold pieces.

Inventory:

Missiles
 H - 6 silver javelins
Armour
 i - a +2 helmet of intelligence (worn)
 l - the +0 robe of Kuzeac {rN++ Slay-6}
   (You found it in a treasure trove)

   Slay-6:    It affects your accuracy & damage with ranged weapons and melee
   (-6).
   rN++:      It greatly protects you from negative energy.
 n - a +2 scale mail of fire resistance
 o - a +0 scale mail of cold resistance
 q - the +0 cloak of Xemniw (worn) {rF+ Int+3}
   (You acquired it on level 10 of the Dungeon)

   Int+3:     It affects your intelligence (+3).
   rF+:       It protects you from fire.
 u - the +2 pair of gloves of Folar (worn) {Dex+5}
   (You found it in a Gauntlet)

   Dex+5:     It affects your dexterity (+5).
 K - a +0 kite shield of reflection (worn)
 L - +0 swamp dragon scales
 S - the +6 scale mail "Deatuath" (worn) {Regen+ Int+3 Dex-4 SInv}
   (You found it on level 1 of the Spider Nest)

   Int+3:     It affects your intelligence (+3).
   Dex-4:     It affects your dexterity (-4).
   SInv:      It lets you see invisible.
   Regen+:    It increases your rate of health regeneration.
 Y - a +0 tower shield
Magical Staves
 c - a staff of conjuration (weapon)
Jewellery
 d - the amulet of Axoidy (around neck) {Spirit rN+++}
   (You found it in a treasure trove)

   [amulet of guardian spirit]

   Spirit:    It causes incoming damage to be divided between your reserves of
   health and magic.
   rN+++:     It renders you almost immune to negative energy.
 p - a +6 ring of intelligence (right hand)
 v - a ring of fire
 z - a ring of ice (left hand)
 D - the amulet "Marhiass" {Faith Rampage Int+3 Dex+2}
   (You found it in a Gauntlet)

   [amulet of faith]

   Faith:     It allows you to gain divine favour quickly.
   Int+3:     It affects your intelligence (+3).
   Dex+2:     It affects your dexterity (+2).
   Rampage:   It bestows one free step when moving towards enemies.
 E - an amulet of regeneration
 T - a ring of positive energy
 W - an amulet of the acrobat
Wands
 g - a wand of digging (11)
 h - a wand of polymorph (3)
 t - a wand of flame (10)
 C - a wand of paralysis (43)
 G - a wand of iceblast (33)
 N - a wand of acid (19)
 V - a wand of mindburst (10)
Scrolls
 a - a scroll of enchant armour
 e - 3 scrolls of fog
 j - a scroll of identify
 k - 10 scrolls of revelation
 s - 2 scrolls of silence
 w - 3 scrolls of enchant weapon
 y - 6 scrolls of poison
 F - 9 scrolls of teleportation
Potions
 f - 2 potions of brilliance
 m - a potion of enlightenment
 r - 7 potions of might
 A - 3 potions of haste
 B - 3 potions of resistance
 I - 3 potions of invisibility
 O - 12 potions of ambrosia
 R - 3 potions of cancellation
 Z - a potion of attraction
Miscellaneous
 M - a sack of spiders
 Q - a Gell's gravitambourine (2/2)


   Skills:
 + Level 12.3 Fighting
 + Level 12.9 Armour
 + Level 18.3 Dodging
 - Level 7.2 Stealth
 + Level 13.3 Shields
 * Level 17.7 Spellcasting
 * Level 17.7 Conjurations
 * Level 17.7 Hexes
 * Level 17.7 Summonings
 * Level 17.7 Necromancy
 * Level 17.7 Translocations
 * Level 17.7 Fire Magic
 * Level 17.7 Ice Magic
 * Level 22.3 Air Magic
 * Level 17.7 Earth Magic
 * Level 17.7 Alchemy


You knew the following spells:

 Your Spells              Type           Power      Damage    Failure   Level
a - Magic Dart            Conj           100%       1d8       0%          1
b - Searing Ray           Conj           100%       2d8       1%          2
c - Fulminant Prism       Conj/Alch      59%        3d24      1%          4
d - Iskenderun's Mystic   Conj/Tloc      100%       2d19      (+2d11%     4
e - Apportation           Tloc           100%       N/A       0%          1
f - Static Discharge      Conj/Air       100%       3-8/arc   0%          2
g - Inner Flame           Hex/Fire       96%        N/A       1%          3
h - Hailstorm             Conj/Ice       100%       3d16      1%          3
i - Metabolic Englaciati  Hex/Ice        59%        N/A       1%          5
j - Curse of Agony        Necr           96%        N/A       1%          5
k - Death Channel         Necr           48%        N/A       3%          6
l - Eringya's Noxious Bo  Alch           48%        4d6       3%          6
m - Bombard               Conj/Erth      59%        9d10      3%          6
Your spell library was empty.

Dungeon Overview and Level Annotations

Branches:
Dungeon (15/15)            Temple (1/1) D:6            Lair (5/5) D:11
 Shoals (0/4) Lair:2       Spider (4/4) Lair:3        Slime (3/5) Lair:4
    Orc (2/2) D:11            Elf (1/3) Orc:2        Vaults (1/5) D:13
 Depths (0/4) D:15        Gauntlet (visited)

Altars:
Ashenzari
Cheibriados
Dithmenos
Elyvilon
Fedhas
Gozag
Hepliaklqana
Makhleb
Nemelex Xobeh
Okawaru
Qazlal
Ru
Trog
Uskayaw
Wu Jian
Xom
Yredelemnul
Zin
The Shining One
Jiyva

Shops:
D:8 !!:?:   D:11 [   D:12 *   D:14 (   D:15 (   Orc:2 :*:=

Annotations:
D:1 1 transporter
D:3 1 runed translucent door, Crazy Yiuf
D:8 3 runed translucent doors, 2 transporters, ViolentViolet's ghost, novice CoFi
D:11 4 transporters
Spider:2 1 runed translucent door, Quxtitz's ghost, adept FeSu


Innate Abilities, Weirdness & Mutations

You are immune to sickness and miasma.
You are immune to poison.
Your flesh is very heat resistant. (rF++)
You are vulnerable to cold. (rC-)
You float through the air rather than walking.
You learn spells naturally, not from books.
Your magical power is your life essence.
You have superior vitality. (+4 MHP)
Armour fits poorly on your strangely shaped body.
You are dopey. (Int -2)
You are frail. (-10% HP)
You are strong-willed. (Will+)
You do not regenerate when monsters are visible.
You are weak. (Str -2)
Your spells are a little easier to cast, but a little less powerful.
You have hidden genetic defects.


Message History

Aiming: Bombard (dangerous; 3% risk of failure)
Press: ? - help, Shift-Dir - straight line, f - deep elf archer
Aim: a deep elf archer, wielding a +0 shortbow and wearing a +0 leather armour (repelling missiles, 32% to hit)
You feel a surge of power!
The deep elf archer repels the iron shot!
The blast sends you backwards.
* * * LOW HITPOINT WARNING * * *
The deep elf archer shoots an arrow.
You block the arrow with your +0 kite shield of reflection... and reflect it back!
The arrow completely misses the deep elf archer.
Unknown command.
Unknown command.
Unknown command.
Unknown command.
Unknown command.
Unknown command.
Unknown command.
The deep elf archer shoots an arrow.
You block the arrow with your +0 kite shield of reflection... and reflect it back!
The arrow is repelled.
The deep elf archer shoots an arrow.
You block the arrow with your +0 kite shield of reflection... and reflect it back!
The arrow is repelled.
The deep elf knight wields a +0 shortbow.
The deep elf knight shoots an arrow.
You block the arrow with your +0 kite shield of reflection... and reflect it back!
The arrow completely misses the deep elf archer.
The arrow hits the deep elf knight!!
The deep elf archer shoots an arrow.
The arrow hits you but does no damage.
A deep elf archer comes into view. It is wielding a +0 dagger.
The deep elf archer shoots an arrow.
You block the arrow with your +0 kite shield of reflection... and reflect it back!
The arrow hits the deep elf archer!
The deep elf knight shoots an arrow.
You block the arrow with your +0 kite shield of reflection... and reflect it back!
The arrow misses the deep elf knight.
Unknown command.
Unknown command.
Unknown command.
The deep elf knight shoots an arrow.
The arrow hits you!
You die...

#?.................
#..................
#... ......e..°..
#... ... .)..○
#..##'#####.e# '
#..'......+..#
#..#......#))#
#..#......#.)#
#..#@.^...#..# # .
#..#......#..# e#e.
#..#......#..#..ee.
#..#......#..'..#
#..#....e.#..#..#
#..#......ee.#..#
#..#......#..# ...
#..#......#..# ....
#.)####'###..# ####


You could see 2 deep elf archers and a deep elf knight.

Vanquished Creatures
  Dissolution (Slime:2)
  Jorgrun (D:15)
  A deep elf blademaster (Elf:2)
  Kirke (D:13)
  Donald (Spider:1)
  Agnes (Spider:3)
  2 azure jellies (Slime:2)
  A rockslime (Slime:1)
  3 emperor scorpions
  5 ghost moths
  A balrug (Gauntlet)
  Louise (D:15)
  A stone giant (D:15)
  The ghost of Guseah the Grappler, a journeyman TrCK of Xom (Orc:1)
  A quicksilver ooze (Slime:2)
  A deep elf demonologist (Elf:1)
  A deep elf death mage (Elf:2)
  A minotaur (Gauntlet)
  2 spark wasps (Spider:4)
  An ettin (Orc:1)
  29 slime creatures
  5 entropy weavers (Spider:1)
  Josephine (D:14)
  4 hydras
  A yaktaur captain (Vaults:1)
  A great orb of eyes (Slime:1)
  3 jorogumos
  9 centaur warriors
  A vault guard (D:10)
  4 ogre magi (Orc:2)
  Erica (Lair:1)
  2 catoblepae
  17 dancing weapons
  2 radroaches (Spider:3)
  9 boulder beetles
  14 death yaks
  A tengu warrior (D:13)
  17 two-headed ogres
  An orc high priest (Orc:2)
  Urug (Orc:2)
  10 demonic crawlers
  Nergalle (D:12)
  6 skysharks
  9 deep elf knights
  7 pharaoh ants
  A goliath frog (Lair:5)
  3 sun moths
  18 orb spiders
  3 steelbarb worms
  6 deep elf archers
  16 deep elf pyromancers
  An obsidian bat (Orc:1)
  3 shining eyes
  11 deep elf zephyrmancers
  A necromancer (Gauntlet)
  2 orc knights
  An oklob plant (Lair:4)
  22 wolf spiders
  2 moths of wrath
  3 orc sorcerers (Orc:2)
  5 manticores
  18 ugly things
  6 cyclopes
  16 meliai
  2 black mambas
  A kobold blastminer (Orc:2)
  19 elephants (Lair:5)
  6 torpor snails
  22 cane toads
  4 gargoyles
  An unseen horror (D:12)
  A kobold demonologist (D:9)
  A yaktaur (Vaults:1)
  11 komodo dragons
  A rime drake (Lair:2)
  Maggie (D:8)
  2 efreet
  A minotaur zombie (Gauntlet)
  A tengu conjurer (D:15)
  4 trolls
  A queen bee (Spider:2)
  2 polar bears
  28 tarantellas
  2 tyrant leeches (Lair:5)
  A snapping turtle (Lair:2)
  25 blink frogs
  4 hornets (Spider:4)
  6 dream sheep (Lair:5)
  An air elemental (Elf:1)
  A culicivora (shapeshifter) (D:9)
  18 culicivoras
  A vampire (D:14)
  3 shadows
  21 jumping spiders
  70 yaks
  A spriggan (shapeshifter) (D:13)
  6 wyverns
  2 water elementals
  4 steam dragons
  Grum (D:8)
  3 wargs
  A fire elemental (Elf:2)
  4 hogs (D:13)
  6 golden eyes
  9 wraiths
  3 basilisks
  47 redbacks
  13 vampire mosquitoes
  Menkaure (D:3)
  21 water moccasins
  2 acid dragons
  6 black bears
  9 orc warriors
  A sky beast (D:7)
  16 wolves
  9 centaurs
  22 ogres
  An earth elemental (Elf:1)
  18 bullfrogs
  A gnoll sergeant (D:10)
  A scorpion (D:5)
  3 wights (D:8)
  38 killer bees
  8 electric eels
  5 howler monkeys
  2 bombardier beetles (D:5)
  4 hounds
  A jelly (D:6)
  9 orc priests
  A gnoll bouda (D:4)
  Natasha (thrice) (D:3)
  5 iguanas
  10 orc wizards
  8 gnolls
  8 adders
  4 shadow imps
  2 white imps (D:7)
  2 ufetubi (D:6)
  A ribbon worm (D:2)
  A dart slug (D:1)
  51 orcs
  3 endoplasms
  3 giant cockroaches
  8 hobgoblins
  3 jackals (D:1)
  3 kobolds
  6 quokkas
  7 ball pythons
  A ball python skeleton (D:3)
  3 bats (D:3)
  A frilled lizard (D:1)
  A giant cockroach zombie (D:3)
  8 goblins
  A quokka skeleton (D:3)
  A rat (D:3)
1007 creatures vanquished.

Vanquished Creatures (others)
  A deep elf knight (Elf:1)
  A deep elf pyromancer (Elf:1)
  An unseen horror (D:13)
  A tarantella (Spider:4)
  3 humans (D:13)
  An orc (D:13)
  87 fulminant prisms
95 creatures vanquished.

Grand Total: 1102 creatures vanquished

Notes
Turn   | Place    | Note
-------+----------+-------------------------------------------
     0 | D:1      | shadizar the Djinni Conjurer began the quest for the Orb.
     0 | D:1      | shadizar set off with the following spells memorised: Magic
                  | Dart, Searing Ray, Fulminant Prism, Iskenderun's Mystic
                  | Blast.
     0 | D:1      | Reached XP level 1. HP: 15/15 MP: 0/0
    68 | D:1      | Found a faded altar of an unknown god.
   224 | D:1      | Reached XP level 2. HP: 12/21 MP: 0/0
   421 | D:1      | Reached skill level 4 in Air Magic
  1016 | D:2      | Reached XP level 3. HP: 19/25 MP: 0/0
  1016 | D:2      | Learned a level 1 spell: Apportation
  1477 | D:3      | Found a basalt altar of Yredelemnul.
  1495 | D:3      | Reached XP level 4. HP: 4/31 MP: 0/0
  1612 | D:3      | Found a transporter.
  1617 | D:3      | Found a transporter.
  1680 | D:3      | Noticed Menkaure
  1826 | D:3      | Reached skill level 5 in Spellcasting
  1826 | D:3      | Reached skill level 5 in Conjurations
  1826 | D:3      | Reached skill level 5 in Hexes
  1826 | D:3      | Reached skill level 5 in Summonings
  1826 | D:3      | Reached skill level 5 in Necromancy
  1826 | D:3      | Reached skill level 5 in Translocations
  1826 | D:3      | Reached skill level 5 in Fire Magic
  1826 | D:3      | Reached skill level 5 in Ice Magic
  1826 | D:3      | Reached skill level 5 in Air Magic
  1826 | D:3      | Reached skill level 5 in Earth Magic
  1826 | D:3      | Reached skill level 5 in Alchemy
  1826 | D:3      | Reached XP level 5. HP: 32/35 MP: 0/0
  1826 | D:3      | Learned a level 2 spell: Static Discharge
  2033 | D:3      | Noticed Natasha
  2041 | D:3      | Killed Natasha
  2127 | D:3      | Noticed Natasha
  2132 | D:3      | Killed Natasha
  2217 | D:3      | Found a runed translucent door.
  2223 | D:3      | Noticed Crazy Yiuf
  2227 | D:3      | Identified the +2 hammer "Nuud Bei" {heavy, rF++ Will+
                  | Int+4}
  2232 | D:3      | Identified the +2 hammer "Waesaiv" {freeze, rElec rCorr
                  | Int+7 Dex-2}
  2407 | D:3      | Found a hazy altar of Hepliaklqana.
  2620 | D:4      | Noticed an acid dragon
  2624 | D:4      | Killed an acid dragon
  2625 | D:4      | Reached skill level 6 in Air Magic
  2625 | D:4      | Reached XP level 6. HP: 19/40 MP: 0/0
  2771 | D:4      | Found a shadowy altar of Dithmenos.
  2811 | D:4      | Noticed a black bear
  2819 | D:4      | Killed a black bear
  2820 | D:4      | Reached XP level 7. HP: 29/45 MP: 0/0
  2820 | D:4      | Learned a level 3 spell: Inner Flame
  3206 | D:3      | Noticed Natasha
  3286 | D:3      | Killed Natasha
  3287 | D:3      | Reached skill level 7 in Air Magic
  3559 | D:4      | Found a blossoming altar of Fedhas.
  3594 | D:5      | Entered Level 5 of the Dungeon
  3700 | D:5      | Reached skill level 1 in Fighting
  3700 | D:5      | Reached skill level 1 in Armour
  3700 | D:5      | Reached skill level 1 in Shields
  3707 | D:5      | Noticed a water moccasin
  3711 | D:5      | Reached XP level 8. HP: 43/52 MP: 0/0
  4541 | D:5      | Reached XP level 9. HP: 36/61 MP: 0/0
  4541 | D:5      | Learned a level 3 spell: Hailstorm
  5183 | D:6      | Reached skill level 5 in Dodging
  5261 | D:6      | Found a staircase to the Ecumenical Temple.
  5476 | Temple   | Entered the Ecumenical Temple
  6045 | D:7      | Reached skill level 5 in Shields
  6364 | D:7      | Found a burning altar of Makhleb.
  6372 | D:7      | Became a worshipper of Makhleb the Destroyer
  6684 | D:7      | Reached XP level 10. HP: 56/69 MP: 0/0
  6807 | D:8      | Found Egiutaap's Distillery.
  6857 | D:8      | Found a runed translucent gate.
  6857 | D:8      | Found a runed translucent gate.
  6857 | D:8      | Found a runed translucent gate.
  6863 | D:8      | Noticed ViolentViolet's ghost (novice CoFi)
  6907 | D:8      | Found Gesew's Distillery.
  6973 | D:8      | Noticed Grum
  6982 | D:8      | Killed Grum
  6983 | D:8      | Reached skill level 8 in Air Magic
  7299 | D:8      | Noticed Maggie
  7312 | D:8      | Killed Maggie
  7447 | D:8      | Found Lyr Uto's Magic Scroll Boutique.
  7488 | D:8      | Found a transporter.
  7528 | D:8      | Found Athrokum's Book Shop.
  7629 | D:8      | Found a sparkling altar of Nemelex Xobeh.
  7964 | D:8      | Found Fudeh's Book Boutique.
  8010 | D:8      | Found a transporter.
  8216 | D:3      | Killed Menkaure
  8233 | D:3      | Identified the +0 robe of Parts Unknown {rF+ Will+}
  8420 | D:9      | Found an ornate altar of the Wu Jian Council.
  9040 | D:9      | Reached * piety under Makhleb
  9041 | D:9      | Reached XP level 11. HP: 59/74 MP: 0/0
  9041 | D:9      | Learned a level 5 spell: Metabolic Englaciation
  9057 | D:9      | Reached skill level 9 in Air Magic
  9521 | D:9      | Noticed a cyclops
  9557 | D:9      | Killed a cyclops
  9578 | D:9      | Reached skill level 10 in Shields
  9745 | D:9      | Noticed a green ugly thing
  9750 | D:9      | Killed a green ugly thing
  9807 | D:9      | Identified the +11 sling of Excruciating Pain {heavy, rC+
                  | Int+3 Dex+6}
  9867 | D:9      | Noticed a two-headed ogre
  9875 | D:9      | Killed a two-headed ogre
  9876 | D:9      | Reached skill level 10 in Spellcasting
  9876 | D:9      | Reached skill level 10 in Conjurations
  9876 | D:9      | Reached skill level 10 in Hexes
  9876 | D:9      | Reached skill level 10 in Summonings
  9876 | D:9      | Reached skill level 10 in Necromancy
  9876 | D:9      | Reached skill level 10 in Translocations
  9876 | D:9      | Reached skill level 10 in Fire Magic
  9876 | D:9      | Reached skill level 10 in Ice Magic
  9876 | D:9      | Reached skill level 10 in Air Magic
  9876 | D:9      | Reached skill level 10 in Earth Magic
  9876 | D:9      | Reached skill level 10 in Alchemy
 10165 | D:10     | Entered Level 10 of the Dungeon
 10582 | D:10     | Found a bloodstained altar of Trog.
 10583 | D:10     | Found a glowing golden altar of the Shining One.
 10979 | D:10     | Noticed a vault guard
 10986 | D:10     | Killed a vault guard
 11035 | D:10     | Found a portal to a secret trove of treasure.
 11151 | D:10     | Identified a scroll of acquirement
 11151 | D:10     | Acquired the +0 cloak of Xemniw {rF+ Int+3}
 11359 | Trove    | Entered a treasure trove
 11376 | Trove    | Identified the amulet of Axoidy {Spirit rN+++}
 11405 | Trove    | Identified the +0 robe of Kuzeac {rN++ Slay-6}
 11530 | D:10     | Acquired a manual of Air Magic
 11591 | D:11     | Found a staircase to the Lair.
 11600 | D:11     | Noticed a boulder beetle
 11609 | D:11     | Killed a boulder beetle
 11610 | D:11     | Reached XP level 12. HP: 52/80 MP: 0/0
 11830 | D:11     | Reached skill level 5 in Fighting
 12035 | D:11     | Reached skill level 5 in Armour
 12037 | D:11     | Noticed a boulder beetle
 12253 | D:11     | Killed a boulder beetle
 12447 | D:11     | Reached skill level 11 in Air Magic
 12604 | D:11     | Found a transporter.
 12638 | D:11     | Found a transporter.
 12649 | D:11     | Found a transporter.
 12667 | D:11     | Found a transporter.
 12713 | D:11     | Found a staircase to the Orcish Mines.
 12721 | D:11     | Found Nefio's Armour Shoppe.
 12893 | Lair:1   | Entered Level 1 of the Lair of Beasts
 13865 | Lair:1   | Noticed Erica
 13878 | Lair:1   | Killed Erica
 13979 | Lair:1   | Noticed a boulder beetle
 13987 | Lair:1   | Killed a boulder beetle
 13988 | Lair:1   | Reached XP level 13. HP: 53/87 MP: 0/0
 13988 | Lair:1   | Learned a level 5 spell: Curse of Agony
 14627 | Lair:2   | Reached skill level 12 in Air Magic
 14679 | Lair:2   | Reached ** piety under Makhleb
 15069 | Lair:2   | Reached skill level 5 in Stealth
 15949 | Lair:2   | Found a staircase to the Shoals.
 16147 | Lair:3   | Found a hole to the Spider Nest.
 16215 | Lair:3   | Reached *** piety under Makhleb
 16275 | Lair:3   | Noticed a six-headed hydra
 16287 | Lair:3   | Killed a six-headed hydra
 16382 | Lair:3   | Reached skill level 13 in Air Magic
 16480 | Lair:3   | Reached XP level 14. HP: 72/97 MP: 0/0
 18119 | Lair:4   | Found a viscous altar of Jiyva.
 18121 | Lair:4   | Found a staircase to the Slime Pits.
 18414 | Lair:5   | Entered Level 5 of the Lair of Beasts
 18444 | Lair:5   | Reached **** piety under Makhleb
 18519 | Lair:5   | Reached skill level 14 in Air Magic
 18989 | Lair:5   | Reached skill level 10 in Dodging
 18992 | Lair:5   | Reached XP level 15. HP: 96/104 MP: 0/0
 18992 | Lair:5   | Learned a level 6 spell: Death Channel
 19141 | Lair:5   | Reached ***** piety under Makhleb
 20681 | D:12     | Found a sparkling altar of Nemelex Xobeh.
 20834 | D:12     | Found Sefupsup's General Store.
 20949 | D:12     | Reached skill level 15 in Air Magic
 21027 | D:12     | Noticed Nergalle
 21039 | D:12     | Killed Nergalle
 21399 | Orc:1    | Entered Level 1 of the Orcish Mines
 22110 | Orc:1    | Found a runed translucent door.
 22110 | Orc:1    | Noticed Guseah's ghost (journeyman TrCK)
 22269 | Orc:2    | Entered Level 2 of the Orcish Mines
 22273 | Orc:2    | Found a staircase to the Elven Halls.
 22286 | Orc:2    | Found a gate leading to a gauntlet.
 22335 | Gauntlet | Entered a Gauntlet
 22335 | Gauntlet | Found a transporter.
 22335 | Gauntlet | Found a transporter.
 22335 | Gauntlet | Found a transporter.
 22535 | Gauntlet | Found a transporter.
 22538 | Gauntlet | Found a transporter.
 22538 | Gauntlet | Found a transporter.
 22543 | Gauntlet | Found a large runed translucent door.
 22544 | Gauntlet | Found a large runed translucent door.
 22545 | Gauntlet | Found a large runed translucent door.
 22545 | Gauntlet | Found a large runed translucent door.
 22545 | Gauntlet | Found a runed translucent door.
 22546 | Gauntlet | Found a large runed translucent door.
 22547 | Gauntlet | Found a large runed translucent door.
 22548 | Gauntlet | Found a large runed translucent door.
 22548 | Gauntlet | Found a large runed translucent door.
 22549 | Gauntlet | Found a runed translucent gate.
 22565 | Gauntlet | Found a transporter.
 22567 | Gauntlet | Found a transporter.
 22577 | Gauntlet | Noticed a balrug
 22587 | Gauntlet | Found a transporter.
 22609 | Gauntlet | Found a transporter.
 22627 | Gauntlet | Found a transporter.
 22631 | Gauntlet | Found a transporter.
 22633 | Gauntlet | Found a runed translucent gate.
 22633 | Gauntlet | Found a runed translucent gate.
 22636 | Gauntlet | Found a large runed translucent door.
 22637 | Gauntlet | Found a large runed translucent door.
 22638 | Gauntlet | Found a large runed translucent door.
 22639 | Gauntlet | Found a large runed translucent door.
 22643 | Gauntlet | Found a runed translucent door.
 22655 | Gauntlet | Found a large runed translucent door.
 22655 | Gauntlet | Found a large runed translucent door.
 22656 | Gauntlet | Found a large runed translucent door.
 22657 | Gauntlet | Found a large runed translucent door.
 22703 | Gauntlet | Identified the +2 pair of gloves of Folar {Dex+5}
 22883 | Gauntlet | Killed a balrug
 22901 | Gauntlet | Identified the amulet "Marhiass" {Faith Rampage Int+3
                  | Dex+2}
 22971 | Gauntlet | Reached skill level 10 in Fighting
 22980 | Gauntlet | Identified the +5 sling of No Interval {drain, rF+ rC+}
 23138 | Orc:2    | Reached XP level 16. HP: 99/113 MP: 0/0
 23263 | Orc:2    | Noticed Urug
 23275 | Orc:2    | Killed Urug
 23302 | Orc:2    | Reached skill level 16 in Air Magic
 23303 | Orc:2    | Found Edoniecs's Jewellery Emporium.
 23303 | Orc:2    | Found Pisyr's General Store.
 23303 | Orc:2    | Found Weakufuv's Book Boutique.
 23303 | Orc:2    | Found Difusuacs's Book Shoppe.
 23311 | Orc:2    | Reached ****** piety under Makhleb
 23677 | Orc:1    | Killed Guseah's ghost
 23829 | D:13     | Noticed Kirke
 23832 | D:13     | Killed Kirke
 24334 | D:13     | Found a gate to the Vaults.
 24599 | D:13     | Reached skill level 17 in Air Magic
 25907 | Spider:1 | Entered Level 1 of the Spider Nest
 25911 | Spider:1 | Noticed Donald
 25923 | Spider:1 | Killed Donald
 26020 | Spider:1 | Reached XP level 17. HP: 117/121 MP: 0/0
 26020 | Spider:1 | Learned a level 6 spell: Eringya's Noxious Bog
 26067 | Spider:1 | Reached skill level 18 in Air Magic
 26818 | Spider:1 | Reached skill level 15 in Spellcasting
 26818 | Spider:1 | Reached skill level 15 in Conjurations
 26818 | Spider:1 | Reached skill level 15 in Hexes
 26818 | Spider:1 | Reached skill level 15 in Summonings
 26818 | Spider:1 | Reached skill level 15 in Necromancy
 26818 | Spider:1 | Reached skill level 15 in Translocations
 26818 | Spider:1 | Reached skill level 15 in Fire Magic
 26818 | Spider:1 | Reached skill level 15 in Ice Magic
 26818 | Spider:1 | Reached skill level 15 in Earth Magic
 26818 | Spider:1 | Reached skill level 15 in Alchemy
 26827 | Spider:1 | Identified the +6 scale mail "Deatuath" {Regen+ Int+3 Dex-4
                  | SInv}
 27357 | Spider:1 | Acquired a manual of Dodging
 27532 | Spider:2 | Reached skill level 19 in Air Magic
 27535 | Spider:2 | Found a runed translucent door.
 27570 | Spider:2 | Noticed Quxtitz's ghost (adept FeSu)
 28058 | Spider:3 | Reached skill level 10 in Armour
 28183 | Spider:3 | Noticed Agnes
 28196 | Spider:3 | Killed Agnes
 28674 | Spider:3 | Reached XP level 18. HP: 130/130 MP: 0/0
 28852 | Spider:4 | Entered Level 4 of the Spider Nest
 29012 | Spider:4 | Reached skill level 20 in Air Magic
 29147 | Spider:4 | Reached skill level 15 in Dodging
 29749 | Spider:4 | Got a gossamer rune of Zot
 30110 | D:14     | Found Xuowaxti's Weapon Emporium.
 30309 | D:14     | Noticed Josephine
 30317 | D:14     | Killed Josephine
 30719 | D:15     | Entered Level 15 of the Dungeon
 30928 | D:15     | Reached skill level 21 in Air Magic
 30958 | D:15     | Reached XP level 19. HP: 118/135 MP: 0/0
 30958 | D:15     | Learned a level 6 spell: Bombard
 31027 | D:15     | Found a stormy altar of Qazlal.
 31159 | D:15     | Found a staircase to the Depths.
 31212 | D:15     | Found Wilusch's Antique Weapon Shoppe.
 31296 | D:15     | Noticed Jorgrun
 31308 | D:15     | Killed Jorgrun
 31392 | D:15     | Noticed Louise
 31407 | D:15     | Killed Louise
 31978 | Vaults:1 | Entered Level 1 of the Vaults
 32359 | Slime:1  | Entered Level 1 of the Pits of Slime
 32516 | Slime:2  | Noticed Dissolution
 32522 | Slime:2  | Gained mutation: You do not regenerate when monsters are
                  | visible. [a shining eye]
 32524 | Slime:2  | Killed Dissolution
 32524 | Slime:2  | Gained mutation: Armour fits poorly on your strangely
                  | shaped body. [a shining eye]
 32534 | Slime:2  | Gained mutation: You are dopey. (Int -2) [a shining eye]
 32707 | Slime:1  | Gained mutation: You are strong-willed. (Will+) [a shining
                  | eye]
 32708 | Slime:1  | Gained mutation: Your spells are a little easier to cast,
                  | but a little less powerful. [a shining eye]
 32777 | Slime:1  | Gained mutation: You are weak. (Str -2) [a shining eye]
 32929 | Slime:3  | Gained mutation: You have hidden genetic defects. [a
                  | shining eye]
 33135 | Elf:1    | Entered Level 1 of the Elven Halls
 33140 | Elf:1    | Paralysed by an air elemental for 1 turns
 33569 | Elf:1    | You are sucked into a shaft and drop 1 floor!
 33570 | Elf:2    | Noticed a deep elf blademaster
 33579 | Elf:2    | Reached skill level 22 in Air Magic
 33581 | Elf:2    | Killed a deep elf blademaster
 33595 | Elf:2    | Gained mutation: You are frail. (-10% HP) [hidden defects]
 33727 | Elf:2    | Found a runed translucent gate.
 33727 | Elf:2    | Found a runed translucent gate.
 33728 | Elf:2    | Found a runed translucent gate.
 33863 | Elf:2    | Reached XP level 20. HP: 121/126 MP: 0/0
 34292 | Elf:2    | Shot with an arrow by a deep elf knight

Illustrated notes

Levels and vault maps discovered:
D:1:      spicycebolla_arrival_risky_transporter, layout_loops_ring,
          hellmonk_ecumenical_altar_arch_garden, minmay_misc_feat_tower,
          nicolae_figureground_sparkle
D:2:      layout_basic, basic_altar
D:3:      layout_basic, lemuel_round_altar, gammafunk_temple_of_torment,
          minmay_cut_off, uniq_natasha, uniq_crazy_yiuf_cottage
D:4:      layout_rooms, amcnicky_altar_gilded, fedhas_altar_4
D:5:      layout_loops_ring, minmay_parallelograms
D:6:      layout_loops_ring, minmay_temple_entry_statues_pillars
D:7:      layout_loops_ring, mainiacjoe_overflow_tiny_flanked
D:8:      gammafunk_cloud_chamber, layout_loops_ring,
          mainiacjoe_overflow_six_doors_small, gammafunk_ghost_spectres,
          serial_shops, nicolae_shop_rolling_square, nicolae_book_shop_shelving,
          shop, shop, shop, uniq_grum, uniq_maggie
D:9:      minmay_blocky_corners, layout_loops_cross,
          nicolae_overflow_crystal_walls
D:10:     layout_long_grid, nicolae_overflow_two_pavilions, enter_trove_5,
          kennysheep_crisscross, minmay_gold_behind_fungi
D:11:     layout_cave_pools, lair_entry_dummy, orc_david_3,
          nicolae_transporter_intersection
D:12:     layout_small_grid, serial_shops, shop, nemelex_diamond_rough_becter,
          uniq_nergalle
D:13:     minmay_polygon_palace, layout_basic, david_vaults_4, uniq_kirke
D:14:     layout_big_octagon, serial_shops, shop, solitary_fountain,
          kennysheep_generic_room_3, uniq_josephine
D:15:     grunt_enter_depths_giant_problem, layout_layer_cave, serial_shops,
          shop, nicolae_qazlal_eye_of_the_storm, uniq_jorgrun, uniq_louise
Temple:   nicolae_temple_godzebo
Lair:1:   layout_cave_pods, minivault_19, uniq_erica
Lair:2:   layout_hall_layers, minmay_shoals_entry_hut, beast_lair_carwin_4
Lair:3:   layout_chaotic_city, nicolae_spider_entry_orb_guardian,
          serial_bayou_lagoon_a, chequers_serial_rivers_micro_d,
          grunt_megastairs_5
Lair:4:   layout_gridlike, minmay_slime_entry_oklob_enclosed
Lair:5:   minmay_lair_end_frog_pond, layout_gridlike, columned_hall_lemuel
Spider:1: layout_spider_delve, nicolae_spider_not_touching_you,
          hangedman_spider_tarantella_strand, uniq_donald
Spider:2: layout_spider_delve, ebering_ghost_reflecting_pool, special_room
          [special_room_bee]
Spider:3: layout_spider_delve, uniq_agnes
Spider:4: spider_rune_water, nicolae_spider_orb_run
Slime:1:  layout_caves
Slime:2:  layout_caves, dissolution_awaits
Slime:3:  cheibrodos_slime_lost_civilization_10, layout_caves,
          nicolae_slime_barrier
Orc:1:    layout_caves, hellmonk_ghost_happy_afterlife
Orc:2:    st_orc_ogre_mass, layout_caves, gauntlet_entry_generic, uniq_urug
Elf:1:    layout_loops_ring, nicolae_elf_shapeshifter_party, st_stairs_4,
          grunt_megastairs_2
Elf:2:    elven_hall_of_blades_hangedman_original [nicolae_blade_bullseye],
          layout_onion_city, grunt_ministairs_5
Vaults:1: hellmonk_ghost_big_iron, nicolae_vaults_network_quinsquares
          [nicolae_vaults_network_quincunx_subvault,
          nicolae_vaults_network_quincunx_subvault,
          nicolae_vaults_network_quincunx_subvault,
          nicolae_vaults_network_quincunx_subvault],
          nicolae_vaults_closet_pinwheel_5, grunt_vaults_diagonal, v_misc_14,
          hangedman_vaults_snaps, nicolae_vaults_trapezoid_lopsided_4,
          nicolae_vaults_trapezoid_lopsided_3, nicolae_vaults_three_branches,
          nicolae_vaults_closet_pinwheel_4, nicolae_vaults_little_squares_1,
          nicolae_vaults_offset_grid_hallway_4, nicolae_vaults_alarming,
          vaults_room_pools, nicolae_vaults_double_plus_2,
          ontoclasm_vaults_misaligned, layout_vaults_maze_bifur

Skill      XL: |  1  2  3  4  5  6  7  8  9 10 11 12 13 14 15 16 17 18 19 |
---------------+----------------------------------------------------------+-----
Spellcasting   | 4 5 6 7 8 10 11 12 13 14 15 16 17 | 17.7
Conjurations   | 4 5 6 7 8 10 11 12 13 14 15 16 17 | 17.7
Hexes          | 4 5 6 7 8 10 11 12 13 14 15 16 17 | 17.7
Summonings     | 4 5 6 7 8 10 11 12 13 14 15 16 17 | 17.7
Necromancy     | 4 5 6 7 8 10 11 12 13 14 15 16 17 | 17.7
Translocations | 4 5 6 7 8 10 11 12 13 14 15 16 17 | 17.7
Fire Magic     | 4 5 6 7 8 10 11 12 13 14 15 16 17 | 17.7
Ice Magic      | 4 5 6 7 8 10 11 12 13 14 15 16 17 | 17.7
Air Magic      | 4 5 6 7 8 10 11 13 14 15 17 19 21 22 | 22.3
Earth Magic    | 4 5 6 7 8 10 11 12 13 14 15 16 17 | 17.7
Alchemy        | 4 5 6 7 8 10 11 12 13 14 15 16 17 | 17.7
Fighting       | 1 3 4 6 7 8 10 11 12 | 12.3
Armour         | 1 3 4 5 7 8 9 10 11 12 | 12.9
Shields        | 1 3 5 8 10 11 12 13 | 13.3
Dodging        | 4 5 7 8 10 11 12 14 16 18 | 18.3
Stealth        | 2 4 5 6 7 |  7.2

Action                     |  1- 3 |  4- 6 |  7- 9 | 10-12 | 13-15 | 16-18 | 19-21 || total
---------------------------+-------+-------+-------+-------+-------+-------+-------++-------
  Melee: Staff             |       |       |       |     2 |     2 |     1 |     1 ||     6
   Cast: Magic Dart        |    59 |    58 |   151 |   127 |   451 |   506 |    54 ||  1406
         Searing Ray       |     2 |     4 |       |     6 |       |       |       ||    12
         Iskenderun's Myst |       |     2 |    67 |   171 |   362 |   503 |   148 ||  1253
         Fulminant Prism   |       |       |     1 |    24 |    21 |    38 |     3 ||    87
         Metabolic Englaci |       |       |       |     1 |     2 |     4 |     2 ||     9
         Hailstorm         |       |       |       |       |     5 |       |       ||     5
         Eringya's Noxious |       |       |       |       |       |    25 |    24 ||    49
         Bombard           |       |       |       |       |       |       |    26 ||    26
         Death Channel     |       |       |       |       |       |       |     1 ||     1
    Use: Scroll            |       |       |       |    25 |     8 |     3 |     3 ||    39
         Potion            |       |       |       |     3 |       |     2 |     5 ||    10
 Armour: Robe              |     4 |    12 |    29 |    18 |       |       |       ||    63
         Swamp dragon scal |       |       |       |    10 |    81 |    33 |       ||   124
         Scale mail        |       |       |       |       |       |   146 |    87 ||   233
  Dodge: Dodged            |     4 |     9 |    30 |    17 |    31 |    61 |    16 ||   168
  Block: Kite shield       |       |       |       |    22 |    48 |   121 |    50 ||   241
         Reflection        |       |       |       |       |       |    14 |    38 ||    52

Table legend: (Time is in decaauts)
 A = Elapsed time spent in this place.
 B = Non-inter-level travel time spent in this place.
 C = Inter-level travel time spent in this place.
 D = Time resting spent in this place.
 E = Time spent auto-exploring this place.
 F = Levels seen in this place.
 G = Mean time per level.
                   A        B        C        D        E       F      G
               +--------+--------+--------+--------+--------+-----+--------+
         Total |  34355 |  32510 |   1845 |      0 |  25589 |  35 |  981.6 |
       Dungeon |  17854 |  16733 |   1121 |      0 |  13826 |  15 | 1190.3 |
        Temple |     43 |     43 |      0 |      0 |     42 |   1 |   43.0 |
          Lair |   8111 |   7555 |    556 |      0 |   6252 |   5 | 1622.2 |
   Spider Nest |   4028 |   3901 |    127 |      0 |   2646 |   4 | 1007.0 |
    Slime Pits |    596 |    596 |      0 |      0 |    385 |   3 |  198.7 |
  Orcish Mines |   1686 |   1648 |     38 |      0 |   1235 |   2 |  843.0 |
   Elven Halls |   1157 |   1157 |      0 |      0 |    769 |   2 |  578.5 |
        Vaults |     38 |     38 |      0 |      0 |      5 |   1 |   38.0 |
         Trove |    117 |    117 |      0 |      0 |     24 |   1 |  117.0 |
      Gauntlet |    720 |    720 |      0 |      0 |    405 |   1 |  720.0 |
               +--------+--------+--------+--------+--------+-----+--------+

Top non-repeatable levels by time:
    D:13: 2165 daAuts
  Lair:5: 1999 daAuts
  Lair:1: 1766 daAuts
    D:10: 1759 daAuts
  Lair:2: 1606 daAuts
Spider:1: 1513 daAuts
     D:9: 1467 daAuts
     D:8: 1465 daAuts
     D:3: 1396 daAuts
  Lair:4: 1376 daAuts
  Lair:3: 1361 daAuts
     D:5: 1246 daAuts
     D:7: 1203 daAuts
    D:15: 1194 daAuts
    D:11: 1164 daAuts
